 Dungeon Crawl Stone Soup version 0.27-a0-1312-g5cdb2b3542 (webtiles) character file.

Game seed: 16046923254674577036

317 Sobieck the Ducker (level 6, -3/32 HPs)
             Began as a Spriggan Berserker on June 19, 2021.
             Was a Believer of Trog.
             Killed from afar by an orc wizard (7 damage)
             ... with a magic dart
             ... on level 4 of the Dungeon.
             The game lasted 00:05:47 (3469 turns).

Sobieck the Ducker (Spriggan Berserker)             Turns: 3469, Time: 00:05:48

Health: -3/32      AC:  3    Str: 15    XL:     6   Next: 20%
Magic:  7/7        EV: 19    Int:  8    God:    Trog [**....]
Gold:   94         SH:  0    Dex: 15    Spells: 5/5 levels left

rFire    . . .     SeeInvis +   a - +0 falchion {long}
rCold    . . .     Faith    .   (shield restricted)
rNeg     . . .     Spirit   .   b - +0 animal skin
rPois    .         Reflect  .   (helmet restricted)
rElec    .         Harm     .   g - +0 cloak
rCorr    .         Rampage  .   (gloves unavailable)
Will     +....                  (boots unavailable)
Stlth    +++.......             (no amulet)
HPRegen  0.10/turn              (no ring)
MPRegen  0.10/turn              (no ring)

@: on berserk cooldown, slowed, quick
A: very small, no large weapons, unfitting armour, see invisible, speed 3
a: Renounce Religion, Berserk, Trog's Hand


You were on level 4 of the Dungeon.
You worshipped Trog.
Trog was pleased with you.
You visited 1 branch of the dungeon, and saw 4 of its levels.

You collected 94 gold pieces.


Innate Abilities, Weirdness & Mutations

You are very small and have problems with some larger weapons.
You are too small for most types of armour.
You have supernaturally acute eyesight. (SInv)
You cover ground extremely quickly. (Speed+++)


   Skills:
 + Level 3.6 Fighting
 + Level 3.6 Long Blades
 + Level 5.8 Dodging
 + Level 4.0 Stealth


You had 5 spell levels left.
You didn't know any spells.
Your spell library was empty.

Inventory:

Hand Weapons
 a - a +0 falchion (weapon) {long}
Missiles
 d - 12 bolts
 e - 28 arrows
 f - 5 boomerangs (quivered) {throwing}
 h - 51 stones {throwing}
 n - 17 poisoned darts {throwing}
Armour
 b - a +0 animal skin (worn)
 g - a +0 cloak (worn)
   (You found it on level 1 of the Dungeon)
Scrolls
 i - a scroll of fear
 k - a scroll of identify {@r1}
 m - a scroll of amnesia
 p - a scroll of torment {unknown}
Potions
 c - a potion of heal wounds {@q2}
 j - a potion of lignification {!q}
 l - a potion of haste {@q3}
 o - a potion of degeneration {unknown}

Dungeon Overview and Level Annotations

Branches:
Dungeon (4/15)
 Temple: D:4-7

Altars:

Shops:
D:2 *

Annotations:
D:2 exclusion: downstairs

#### ###### #$.
..?...## #.#
#...####.#####
#<......)..#
#.....###@###.#
##...## #o# #
##.## #.. #.
#### #. #+


You could see an orc wizard.


Message History

Where to? (Enter - D:3, ? - help)
There is a stone staircase leading down here.
You climb downwards.
A ball python comes into view.
There is a stone staircase leading up here.
An orc comes into view. It is wielding a +0 dagger.
The orc shouts!
You hear a shout! x3; The ball python hisses angrily.
The ball python barely misses you.
You riposte.
You closely miss the ball python. The ball python completely misses you.
You throw a boomerang {throwing}.
The boomerang {throwing} hits the ball python.
You kill the ball python!
Trog accepts your kill.
An orc comes into view. It is wielding a +0 hand axe.
You barely miss the orc. The orc hits you but does no damage.
You hit the orc. You barely miss the orc.
The orc hits you with a +0 hand axe. 😕 HP[-6]
You take 6 damage, and now have 26/32 hp.
You hit the orc.
You kill the orc!
Trog accepts your kill.
You barely miss the orc. The orc barely misses you.
You closely miss the orc. The orc misses you.
You barely miss the orc. The orc hits you but does no damage.
You closely miss the orc. The orc misses you.
An orc wizard comes into view. It is wielding a +0 dagger.
You barely miss the orc. The orc misses you.
You riposte.
You hit the orc. The orc closely misses you. 😕 HP[+1]
You hit the orc. The orc wizard closely misses you.
The orc hits you with a +0 dagger. 😮 HP[-3]
You take 3 damage, and now have 24/32 hp.
You are too injured to fight recklessly!
You are too injured to fight recklessly!
You are too injured to fight recklessly!
Unknown command.
A red film seems to cover your vision as you go berserk!
You feel yourself moving faster!
You feel mighty! The orc wizard casts a spell at you. The magic dart hits you!
The orc closely misses you. 😮 HP[+4]
You now have 48 max hp (+16).
You regained 4 hp, and now have 28/48 hp.
You hit the orc wizard.
The orc wizard hits you with a +0 dagger.
* * * LOW HITPOINT WARNING * * *
😨 HP[-4]
You take 4 damage, and now have 24/48 hp.
You hit the orc wizard. The orc hits you with a +0 dagger.
* * * LOW HITPOINT WARNING * * *
The orc wizard completely misses you.
You riposte.
You closely miss the orc wizard. 😨 HP[-3]
You take 3 damage, and now have 21/48 hp.
You barely miss the orc wizard. The orc misses you.
You riposte.
You hit the orc.
You kill the orc!
Trog accepts your kill.
You hit the orc wizard.
The orc wizard hits you with a +0 dagger.
* * * LOW HITPOINT WARNING * * *
😨 HP[-1]
You take 1 damage, and now have 20/48 hp.
You slash the orc wizard!
You kill the orc wizard!
Trog accepts your kill.
Trog appreciates your killing of a magic user.
Your Stealth skill increases to level 4! 😨 HP[+1] Unknown command.
Items here: )) ††.
Okay, then.
Unknown command.
You feel a strong urge to attack something.
Unknown command.
You start resting.
You feel your anger nearly subside.
You are no longer berserk.
You are exhausted.
You feel yourself slow down.
An orc wizard comes into view. It is wielding a +0 dagger. 😨 HP[-7]
You now have 32 max hp (-16).
The orc wizard barely misses you.
You riposte.
You hit the orc wizard.
Things that are here:
a +0 dagger {short}; a +0 robe You miss the orc wizard.
The orc wizard misses you.
You riposte.
You hit the orc wizard.
The orc wizard hits you with a +0 dagger.
* * * LOW HITPOINT WARNING * * *
😨 HP[-2]
You take 2 damage, and now have 12/32 hp.
You closely miss the orc wizard.
The orc wizard gestures at you while chanting.
The magic dart hits you!
* * * LOW HITPOINT WARNING * * *
The orc wizard gestures at you while chanting.
The magic dart hits you!
You die...

Skill      XL: |  1  2  3  4  5  6 |
---------------+-------------------+-----
Long Blades    | 3 |  3.6
Stealth        | 1 3 4 |  4.0
Fighting       | 3 |  3.6
Dodging        | 5 |  5.8

Action                   |  1- 3 |  4- 6 || total
-------------------------+-------+-------++-------
Melee: Falchion          |   103 |    60 ||   163
Throw: Boomerang         |    29 |     1 ||    30
Invok: Berserk           |     2 |     4 ||     6
       Trog's Hand       |       |     1 ||     1
  Use: Scroll            |     7 |       ||     7
 Stab: Sleeping          |     4 |     4 ||     8
Armor: Animal skin       |    12 |     5 ||    17
Dodge: Dodged            |    99 |    50 ||   149
       Rpst.: Falchion   |    24 |    21 ||    45

Levels and vault maps discovered:
D:1:      matt_arrival_refuge, layout_basic, grunt_decor_cap
D:2:      layout_basic, serial_shops, nicolae_lakefront_shop,
          hangedman_decor_riveting, minivault_14
D:3:      layout_loops_ring, marbit_many_paths, portal_sewer_entry_e,
          uniq_sigmund
D:4:      layout_loops_corners, makhleb_heckhound_becter, serial_shops, shop

Notes
Turn   | Place    | Note
-------+----------+-------------------------------------------
     0 | D:1      | Sobieck the Spriggan Berserker began the quest for the Orb.
     0 | D:1      | Reached XP level 1. HP: 11/11 MP: 2/2
     0 | D:1      | magus.rc [v1.9.6]
   379 | D:1      | Reached XP level 2. HP: 14/16 MP: 3/3
  1079 | D:1      | Reached XP level 3. HP: 19/19 MP: 4/4
  1441 | D:2      | Reached ** piety under Trog
  1896 | D:3      | Noticed Sigmund
  2176 | D:2      | Reached skill level 3 in Long Blades
  2176 | D:2      | Reached skill level 1 in Stealth
  2306 | D:2      | Found Sounixt's General Store.
  2530 | D:2      | Reached skill level 3 in Fighting
  2629 | D:2      | Reached XP level 4. HP: 24/24 MP: 5/5
  3006 | D:3      | Killed Sigmund
  3007 | D:3      | Reached skill level 5 in Dodging
  3007 | D:3      | Reached skill level 3 in Stealth
  3007 | D:3      | Reached XP level 5. HP: 22/28 MP: 6/6
  3299 | D:3      | Reached XP level 6. HP: 32/32 MP: 7/7
  3459 | D:4      | Reached skill level 4 in Stealth
  3469 | D:4      | HP: 4/32 [orc wizard/magic dart (8)]
  3469 | D:4      | Killed from afar by an orc wizard

Vanquished Creatures
  Sigmund (D:3)
  An orc wizard (D:4)
  5 gnolls (D:3)
  2 adders (D:2)
  2 worms (D:2)
  2 dart slugs (D:1)
  2 orcs (D:4)
  6 ball pythons
  5 endoplasms
  5 giant cockroaches
  6 goblins
  5 hobgoblins
  2 jackals (D:3)
  3 quokkas (D:1)
  4 bats
  2 frilled lizards
  6 kobolds
  7 rats
66 creatures vanquished.

Table legend:
 A = Non-vault XP
 B = Vault XP
 C = Vault XP percentage of total XP
 D = Non-vault monster count
 E = Vault monster count
 F = Vault count percentage of total count
                 A         B        C        D         E       F
            +---------+---------+-------+---------+---------+-------
      Total |     242 |     212 |  46.7 |      65 |       1 |   1.5
            +---------+---------+-------+---------+---------+-------
        D:1 |      48 |       0 |   0.0 |      25 |       0 |   0.0
        D:2 |      64 |       0 |   0.0 |      21 |       0 |   0.0
        D:3 |      88 |     212 |  70.7 |      15 |       1 |   6.2
        D:4 |      42 |       0 |   0.0 |       4 |       0 |   0.0
            +---------+---------+-------+---------+---------+-------

Illustrated notes

Table legend:
 A = Kills in this place as a percentage of kills in entire the game.
 B = Kills by you in this place as a percentage of kills by you in the entire game.
 C = Kills by friends in this place as a percentage of kills by friends in the entire game.
 D = Other kills in this place as a percentage of other kills in the entire game.
 E = Experience gained in this place as a percentage of experience gained in the entire game.
 F = Experience gained in this place divided by the number of levels of this place that you have seen.
                   A       B       C       D       E      F
               +-------+-------+-------+-------+-------+----------------------
         Total | 100.0 | 100.0 |   N/A |   N/A | 100.0 | 113.5
       Dungeon | 100.0 | 100.0 |   N/A |   N/A | 100.0 | 113.5
               +-------+-------+-------+-------+-------+----------------------

Table legend: (Time is in decaauts)
 A = Elapsed time spent in this place.
 B = Non-inter-level travel time spent in this place.
 C = Inter-level travel time spent in this place.
 D = Time resting spent in this place.
 E = Time spent auto-exploring this place.
 F = Levels seen in this place.
 G = Mean time per level.
                   A        B        C        D        E       F      G
               +--------+--------+--------+--------+--------+-----+--------+
         Total |   2864 |   2777 |     87 |    966 |   1355 |   4 |  716.0 |
       Dungeon |   2864 |   2777 |     87 |    966 |   1355 |   4 |  716.0 |
               +--------+--------+--------+--------+--------+-----+--------+

Top non-repeatable levels by time:
     D:2: 1478 daAuts
     D:1: 1053 daAuts
     D:3: 300 daAuts
     D:4: 32 daAuts
